 Dungeon Crawl Stone Soup version 0.21.1-1-g345015fe64 (webtiles) character file.

929 Loge the Conjurer (level 7, -8/36 HPs)
             Began as a Deep Elf Fire Elementalist on July 18, 2018.
             Mangled by Loge's ghost (20 damage)
             ... on level 5 of the Dungeon.
             The game lasted 00:11:03 (5237 turns).

Loge the Conjurer (Deep Elf Fire Elementalist)      Turns: 5237, Time: 00:11:03

Health: -8/36      AC:  4    Str:  5    XL:     7   Next: 85%
Magic:  11/18      EV: 13    Int: 22    God:
Gold:   214        SH:  0    Dex: 15    Spells: 9/19 levels left

rFire    + . .     SeeInvis .   (no weapon)
rCold    + . .     Gourm    .   (no shield)
rNeg     . . .     Faith    .   a - +0 robe
rPois    .         Spirit   .   (no helmet)
rElec    .         Reflect  .   j - scarf {rC+ rF+}
rCorr    .         Harm     .   B - +0 pair of gloves
MR       .....                  v - +0 pair of boots
Stlth    ++........             (no amulet)
HPRegen  0.12/turn              (no ring)
MPRegen  0.16/turn              (no ring)

@: no status effects
A: no striking features
a: no special abilities


You were on level 5 of the Dungeon.
You were not hungry.

You visited 1 branch of the dungeon, and saw 5 of its levels.

You collected 214 gold pieces.

Inventory:

Missiles
 h - a throwing net (quivered)
Armour
 a - a +0 robe (worn)
 j - a scarf of resistance (worn)
 v - a +0 pair of boots (worn)
 B - a +0 pair of gloves (worn)
Jewellery
 s - an uncursed amulet of magic regeneration {unknown}
Wands
 D - a wand of disintegration (17)
Scrolls
 d - 3 scrolls of remove curse
 e - 5 scrolls of teleportation
 f - 3 scrolls of enchant armour {unknown}
 k - a scroll of identify {unknown}
 o - 2 scrolls of fear {unknown}
 p - a scroll of amnesia {unknown}
 t - a scroll of immolation {unknown}
 w - a scroll of enchant weapon {unknown}
 y - 2 scrolls of fog {unknown}
 C - a scroll of magic mapping {unknown}
 E - a scroll of brand weapon {unknown}
Potions
 g - 4 potions of lignification {unknown}
 i - 2 potions of agility {unknown}
 l - 2 potions of haste {unknown}
 m - 3 potions of degeneration {unknown}
 n - 3 potions of flight {unknown}
 q - a potion of berserk rage {unknown}
 r - a potion of cancellation {unknown}
 u - a potion of heal wounds {unknown}
 x - a potion of curing {unknown}
 z - a potion of brilliance {unknown}
 A - a potion of might {unknown}
Books
 b - a book of Flames

   Spells                             Type                      Level
   a - Flame Tongue                   Conjuration/Fire             1
   b - Throw Flame                    Conjuration/Fire             2
   c - Conjure Flame                  Conjuration/Fire             3
   d - Inner Flame                    Hexes/Fire                   3
   e - Sticky Flame                   Conjuration/Fire             4
   f - Fireball                       Conjuration/Fire             5
Comestibles
 c - 10 rations


   Skills:
 - Level 2.4 Dodging
 - Level 2.4 Stealth
 + Level 6.5 Spellcasting
 * Level 7.0 Conjurations
 + Level 5.9 Fire Magic


You had 9 spell levels left.
You knew the following spells:

 Your Spells              Type           Power        Failure   Level  Hunger
a - Flame Tongue          Conj/Fire      #####        1%          1    None
b - Throw Flame           Conj/Fire      #####.       1%          2    None
c - Conjure Flame         Conj/Fire      #####...     1%          3    #......
d - Sticky Flame          Conj/Fire      #####...     6%          4    ###....


Dungeon Overview and Level Annotations

Branches:
Dungeon (5/15)
 Temple: D:4-7

Altars:
Cheibriados
Dithmenos
Hepliaklqana
Nemelex Xobeh
Trog
Wu Jian

Annotations:
D:5 Loge's ghost, novice TrMo


Message History

Loge's ghost is lightly damaged.
Loge's ghost is engulfed in blazing flames.
Casting: Flame Tongue
Confirm with . or Enter, or press ? or * to list all spells.
Aiming: Flame Tongue
Press: ? - help, Shift-Dir - straight line, f/p - Loge's ghost
Aim: Loge's ghost (moderately damaged)
The flame tongue hits Loge's ghost.
Loge's ghost is moderately damaged.
Loge's ghost hits you!
Casting: Flame Tongue
Confirm with . or Enter, or press ? or * to list all spells.
Aiming: Flame Tongue
Press: ? - help, Shift-Dir - straight line, f/p - Loge's ghost
Aim: Loge's ghost (moderately damaged)
The flame tongue hits Loge's ghost.
Loge's ghost is heavily damaged.
Loge's ghost hits you!!
Ouch! That really hurt!
You die...

.... .P......
........ ........#
#.#...#.# . #.#...#.#
#.. #.#...#.# ... ≈.
#.##.##.# .. .
≈.####....§W@##.#..§§
..........###...§§.§§
..(.....### #.≈§§§.§§
#.##.##.#####P≈§§≈§§#
#..............§§§§§#
..≈≈≈≈....###.≈≈≈≈§.#
#≈≈≈≈.≈.#.# #.P.≈...#
...≈≈≈..#.# #####.#.#
..≈≈....#.# ###...#


You could see Loge's ghost.

Vanquished Creatures
  Grinder (D:4)
  Edmund (D:4)
  An ogre (D:4)
  The ghost of Loge the Ruffian, an amateur DrTm (D:4)
  A water moccasin zombie (D:5)
  2 centaur zombies (D:5)
  3 orc wizards (D:4)
  An iguana (D:4)
  2 worker ants
  A hound zombie (D:5)
  A hound skeleton (D:5)
  2 worker ant zombies (D:5)
  3 adders
  An ooze (D:3)
  An adder zombie (D:5)
  3 dart slugs
  3 worms
  4 leopard geckos
  5 orcs (D:4)
  5 bats
  3 giant cockroaches
  4 goblins
  5 hobgoblins
  6 jackals (D:2)
  2 quokkas
  3 frilled lizards
  A jackal zombie (D:5)
  4 kobolds
  A leopard gecko zombie (D:5)
  4 rats
75 creatures vanquished.

Vanquished Creatures (others)
  4 toadstools (D:1)
4 creatures vanquished.

Grand Total: 79 creatures vanquished

Notes
Turn   | Place    | Note
-------+----------+-------------------------------------------
     0 | D:1      | Loge the Deep Elf Fire Elementalist began the quest for the Orb.
     0 | D:1      | Reached XP level 1. HP: 10/10 MP: 6/6
   267 | D:1      | Reached XP level 2. HP: 13/15 MP: 0/8
   338 | D:1      | Learned a level 2 spell: Throw Flame
   479 | D:1      | Reached skill level 2 in Conjurations
   872 | D:2      | Found a hazy altar of Hepliaklqana.
   872 | D:2      | Found a sparkling altar of Nemelex Xobeh.
   888 | D:2      | Found a snail-covered altar of Cheibriados.
   914 | D:2      | Found a bloodstained altar of Trog.
  1055 | D:2      | Reached XP level 3. HP: 19/19 MP: 7/10
  1060 | D:2      | Learned a level 3 spell: Conjure Flame
  1169 | D:2      | Found a faded altar of an unknown god.
  1573 | D:2      | Reached skill level 3 in Conjurations
  1631 | D:2      | Found a shadowy altar of Dithmenos.
  2082 | D:3      | Reached XP level 4. HP: 24/24 MP: 8/11
  2088 | D:3      | Learned a level 4 spell: Sticky Flame
  3058 | D:4      | Reached XP level 5. HP: 28/28 MP: 4/13
  3216 | D:4      | Noticed an ogre
  3225 | D:4      | Killed an ogre
  3225 | D:4      | Reached skill level 4 in Conjurations
  3327 | D:4      | Noticed Loge's ghost (amateur DrTm)
  3335 | D:4      | Noticed Edmund
  3560 | D:4      | Killed Loge's ghost
  3560 | D:4      | Reached skill level 5 in Spellcasting
  3560 | D:4      | Reached XP level 6. HP: 32/32 MP: 2/15
  3662 | D:4      | Reached skill level 5 in Conjurations
  3743 | D:4      | Noticed Grinder
  3754 | D:4      | Killed Grinder
  3754 | D:4      | Reached skill level 5 in Fire Magic
  3754 | D:4      | Reached XP level 7. HP: 36/36 MP: 4/17
  3891 | D:4      | Reached skill level 6 in Conjurations
  4372 | D:4      | Killed Edmund
  4753 | D:4      | Found an ornate altar of the Wu Jian Council.
  4845 | D:5      | Entered Level 5 of the Dungeon
  5112 | D:5      | Reached skill level 7 in Conjurations
  5232 | D:5      | Noticed Loge's ghost (novice TrMo)
  5237 | D:5      | Mangled by Loge's ghost

Skill      XL: |  1  2  3  4  5  6  7 |
---------------+----------------------+-----
Conjurations   | 2 3 4 5 7 |  7.0
Spellcasting   | 4 5 6 |  6.5
Fire Magic     | 4 5 |  5.9
Dodging        | |  2.4
Stealth        | |  2.4

Action                   |  1- 3 |  4- 6 |  7- 9 || total
-------------------------+-------+-------+-------++-------
Melee: Unarmed           |       |       |     6 ||     6
 Cast: Flame Tongue      |    53 |    67 |    67 ||   187
       Throw Flame       |    16 |     8 |     4 ||    28
       Conjure Flame     |     4 |     9 |     8 ||    21
  Use: Scroll            |       |     2 |       ||     2
  Eat: Chunk             |     4 |     4 |     1 ||     9
       Ration            |       |     1 |     1 ||     2
Armor: Robe              |     2 |     1 |     3 ||     6
Dodge: Dodged            |     5 |     1 |    13 ||    19
